 Dungeon Crawl Stone Soup version 0.29-a0-97-g88c9fad16d (webtiles) character file.

Game seed: 6284309730015969249

119 Nelsoonmonsoon the Cudgeller (level 5, -3/33 HPs)
             Began as a Tengu Berserker on Feb 13, 2022.
             Was a Follower of Trog.
             Slain by Ijyb (4 damage)
             ... on level 3 of the Dungeon.
             The game lasted 00:06:17 (3505 turns).

Nelsoonmonsoon the Cudgeller (Tengu Berserker)      Turns: 3505, Time: 00:06:18

Health: -3/33      AC:  2    Str: 19    XL:     5   Next: 3%
Magic:  6/6        EV: 15    Int:  7    God:    Trog [*.....]
Gold:   98         SH:  0    Dex: 14    Spells: 4/4 levels left

rFire   . . .      SeeInvis .   l - +2 short sword (venom)
rCold   . . .      Faith    .   i - orb {*Rage}
rNeg    . . .      Spirit   .   b - +0 animal skin
rPois   .          Reflect  .   (helmet restricted)
rElec   .          Harm     .   (no cloak)
rCorr   .          Rampage  .   (no gloves)
Will    .....      Rage     20% (boots unavailable)
Stlth   +.........              (no amulet)
HPRegen 0.11/turn               (no ring)
MPRegen 0.10/turn               (no ring)

@: on berserk cooldown, flying quickly and evasively, slowed, very slow
A: beak, talons 3, nimble flight
a: Renounce Religion, Berserk


You were on level 3 of the Dungeon.
You worshipped Trog.
Trog was aware of your devotion.
You visited 1 branch of the dungeon, and saw 3 of its levels.

You collected 98 gold pieces.

Inventory:

Hand Weapons
 a - a +0 mace
 l - a +2 short sword of venom (weapon)
Missiles
 g - 88 stones (quivered)
 h - 9 poisoned darts
Armour
 b - a +0 animal skin (worn)
 i - an orb of wrath (worn)
Scrolls
 c - a scroll of identify {unknown}
 d - a scroll of vulnerability {unknown}
 e - a scroll of teleportation {unknown}
 f - 2 scrolls of magic mapping {unknown}
 k - a scroll of enchant weapon {unknown}
Potions
 j - a potion of haste {unknown}
 m - 2 potions of attraction {unknown}


   Skills:
 + Level 3.8 Fighting
 + Level 4.1 Maces & Flails
 + Level 3.3 Armour
 + Level 3.2 Dodging


You had 4 spell levels left.
You didn't know any spells.
Your spell library contained the following spells:

 Spells                   Type           Power      Damage    Failure   Level
 Sublimation of Blood     Necr           0%         N/A       56%         2
 Wereblood                Tmut           0%         N/A       56%         2
 Summon Hydra             Summ           0%         N/A       100%        7


Dungeon Overview and Level Annotations

Branches:
Dungeon (3/15)

Altars:
Okawaru

Annotations:
D:3 Ijyb


Innate Abilities, Weirdness & Mutations

You have a beak for a mouth.
You have claws for feet.
Your magical nature lets you fly swiftly and evasively.


Message History

Annotate which branch? (. - D:2, ? - help, ! - show branch list)
Okay, then.
You start waiting.
You recover from your berserk rage.
You start waiting.
Done waiting.
You start waiting.
Done waiting.
You can't go down here!
You can't go down here!
Done exploring.
There is a stone staircase leading down here.
You fly downwards.
You hear the sound of rushing water.
There is an entrance to a sewer on this level.
Hurry and find it before the portal rusts away!
There is a stone staircase leading up here.
Ijyb the Twisted Goblin comes into view.
She is wielding a +2 dagger of electrocution and carrying a wand of iceblast (9).
Ijyb shouts!
A red film seems to cover your vision as you go berserk!
You feel yourself moving faster!
You feel mighty!
You can no longer call upon Trog for regeneration and willpower.
You feel a strong urge to attack something.
Ijyb screams, "No!
No, no, no, no!"
You feel your anger nearly subside.
You are no longer berserk.
You are exhausted.
You feel yourself slow down.
Ijyb screams, "Me very upset!"
Ijyb completely misses you. Ijyb screams, "Me kill you!"
Ijyb hits you with a +2 dagger of electrocution!
You closely miss Ijyb.
Ijyb hits you with a +2 dagger of electrocution.
You are electrocuted!!
Ouch! That really hurt!
* * * LOW HITPOINT WARNING * * *
You puncture Ijyb!
Ijyb is poisoned.
You peck Ijyb, but do no damage.
Ijyb is moderately wounded.
Ijyb barely misses you.
Ijyb hits you with a +2 dagger of electrocution.
You die...

##..# #...# .
.###########.#.####....
.......<....###........
###..#####...#.######.#
# #..#.## #..#.##
#.....######..##
##.....@g.......
####.########## #.# #.#
#.# #.# #.# ...


You could see Ijyb (very poisoned).

Vanquished Creatures
  Crazy Yiuf (D:2)
  3 adders
  A worm (D:2)
  3 dart slugs
  3 orcs
  3 ball pythons (D:2)
  2 endoplasms (D:2)
  2 giant cockroaches
  4 goblins
  4 hobgoblins
  6 jackals
  5 quokkas
  A bat (D:1)
  A frilled lizard (D:2)
  5 kobolds
  3 rats (D:1)
47 creatures vanquished.

Notes
Turn   | Place    | Note
-------+----------+-------------------------------------------
     0 | D:1      | Nelsoonmonsoon the Tengu Berserker began the quest for the
                  | Orb.
     0 | D:1      | Reached XP level 1. HP: 14/14 MP: 2/2
   534 | D:1      | Reached XP level 2. HP: 19/19 MP: 3/3
   582 | D:1      | Found a faded altar of an unknown god.
  1398 | D:1      | Reached XP level 3. HP: 20/23 MP: 4/4
  1711 | D:2      | Found a runed translucent door.
  1712 | D:2      | Noticed Crazy Yiuf
  1817 | D:2      | Found an iron altar of Okawaru.
  1863 | D:2      | Reached ** piety under Trog
  1979 | D:1      | Reached XP level 4. HP: 18/28 MP: 5/5
  2665 | D:2      | Reached skill level 4 in Maces & Flails
  3211 | D:2      | Killed Crazy Yiuf
  3212 | D:2      | Gained mutation: Your magical nature lets you fly swiftly
                  | and evasively. [Tengu growth]
  3212 | D:2      | Reached XP level 5. HP: 33/33 MP: 6/6
  3494 | D:3      | Noticed Ijyb
  3504 | D:3      | HP: 1/33 [Ijyb (18)]
  3505 | D:3      | Slain by Ijyb

Illustrated notes

Levels and vault maps discovered:
D:1:      scummos_arrival_star, layout_basic,
          hellmonk_ecumenical_altar_heavens_door
D:2:      layout_loops_ring, basic_altar, uniq_crazy_yiuf_cottage
D:3:      layout_loops_ring, grunt_gozag_statues, cheibrodos_sewer_entry_drain,
          ebering_ghost_disaster_area, uniq_grinder, uniq_ijyb

Skill      XL: |  1  2  3  4 |
---------------+-------------+-----
Dodging        | 3 |  3.2
Armour         | 3 |  3.3
Maces & Flails | 4 |  4.1
Fighting       | |  3.8

Action                   |  1- 3 |  4- 6 || total
-------------------------+-------+-------++-------
Melee: Mace              |    60 |     7 ||    67
       Kick              |    16 |     6 ||    22
       Peck              |     8 |     3 ||    11
       Short sword       |       |    22 ||    22
Throw: Stone             |    14 |       ||    14
Invok: Berserk           |     2 |     2 ||     4
       Trog's Hand       |       |     1 ||     1
 Stab: Sleeping          |     1 |       ||     1
       Distracted        |       |     1 ||     1
Armor: Animal skin       |     9 |       ||     9
Dodge: Dodged            |    44 |    27 ||    71

Table legend: (Time is in decaauts)
 A = Elapsed time spent in this place.
 B = Non-inter-level travel time spent in this place.
 C = Inter-level travel time spent in this place.
 D = Time resting spent in this place.
 E = Time spent auto-exploring this place.
 F = Levels seen in this place.
 G = Mean time per level.
                   A        B        C        D        E       F      G
               +--------+--------+--------+--------+--------+-----+--------+
         Total |   3560 |   3464 |     96 |   1132 |   1792 |   3 | 1186.7 |
       Dungeon |   3560 |   3464 |     96 |   1132 |   1792 |   3 | 1186.7 |
               +--------+--------+--------+--------+--------+-----+--------+

Top non-repeatable levels by time:
     D:1: 1868 daAuts
     D:2: 1665 daAuts
     D:3: 27 daAuts
